 Dungeon Crawl Stone Soup version 0.29.1-15-g9cfb28693d (webtiles) character file.

Game seed: 12658773177427135201

278 Peloso the Covered (level 6, -4/52 (53) HPs)
             Began as a Minotaur Fighter on Apr 29, 2023.
             Slain by a necrophage (6 damage)
             ... on level 4 of the Dungeon.
             The game lasted 00:04:04 (2545 turns).

Peloso the Covered (Minotaur Fighter)               Turns: 2545, Time: 00:04:05

HP:   -4/52 (53)    AC:  7    Str: 20    XL:     6   Next: 5%
MP:   5/5           EV: 10    Int:  5    God:
Gold: 164           SH:  5    Dex: 12    Spells: 5/5 levels left

rFire   . . .      SeeInvis .   a - +0 long sword
rCold   . . .      Faith    .   c - +0 buckler
rNeg    . . .      Spirit   .   b - +0 scale mail
rPois   .          Reflect  .   (helmet restricted)
rElec   .          Harm     .   (no cloak)
rCorr   .          Rampage  .   (no gloves)
Will    .....                   (no boots)
Stlth   ..........              (no amulet)
HPRegen 0.17/turn               (no ring)
MPRegen 0.09/turn               (no ring)

@: lightly drained
A: horns 2, retaliatory headbutt
a: no special abilities


You were on level 4 of the Dungeon.
You visited 1 branch of the dungeon, and saw 5 of its levels.

You collected 164 gold pieces.

Inventory:

Hand Weapons
 a - a +0 long sword (weapon)
Armour
 b - a +0 scale mail (worn)
 c - a +0 buckler (worn)
Jewellery
 p - a ring of wizardry
Scrolls
 f - a scroll of blinking
 h - 3 scrolls of teleportation
 j - 3 scrolls of enchant armour {unknown}
 o - a scroll of immolation {unknown}
 q - a scroll of amnesia {unknown}
Potions
 d - a potion of might
 e - a potion of flight
 g - 3 potions of invisibility
 k - a potion of heal wounds {unknown}
 l - a potion of berserk rage {unknown}
 m - a potion of haste {unknown}
 n - a potion of degeneration {unknown}


   Skills:
 + Level 4.7 Fighting
 + Level 4.8 Long Blades
 + Level 5.0 Armour
 + Level 2.1 Dodging
 + Level 4.4 Shields


You had 5 spell levels left.
You didn't know any spells.
Your spell library contained the following spells:

 Spells                   Type           Power      Damage    Failure   Level
 Freeze                   Ice            0%         1d3       88%         1
 Magic Dart               Conj           0%         1d3       88%         1
 Call Imp                 Summ           0%         N/A       96%         2
 Sublimation of Blood     Necr           0%         N/A       96%         2
 Frozen Ramparts          Ice            0%         1d1       99%         3
 Mephitic Cloud           Conj/Pois/Air  0%         N/A       99%         3
 Hailstorm                Conj/Ice       0%         3d3       100%        4
 Petrify                  Tmut/Erth      0%         N/A       100%        4
 Irradiate                Conj/Tmut      0%         3d11      100%        5


Dungeon Overview and Level Annotations

Branches:
Dungeon (5/15)
 Temple: D:4-7

Altars:

Shops:
D:3 [


Innate Abilities, Weirdness & Mutations

You have a pair of horns on your head.
You reflexively headbutt those who attack you in melee.


Message History

The black bear attacks as you move away!
The black bear closely misses you.
The black bear claws you but does no damage. x2
The phantom barely misses you.
The necrophage attacks as you move away!
The necrophage closely misses you. You furiously retaliate!
You headbutt the necrophage.
The necrophage attacks as you move away!
The necrophage closely misses you. The phantom attacks as you move away!
The phantom hits you.
* * * LOW HITPOINT WARNING * * *
The phantom attacks as you move away! The phantom hits you.
* * * LOW HITPOINT WARNING * * *
The phantom attacks as you move away! The phantom hits you.
* * * LOW HITPOINT WARNING * * *
The necrophage attacks as you move away!
The necrophage barely misses you.
The necrophage attacks as you move away!
The necrophage hits you but does no damage.
You closely miss the necrophage. Your headbutt misses the necrophage.
The necrophage is lightly damaged.
The necrophage barely misses you. The necrophage misses you.
You hit the necrophage. You headbutt the necrophage.
The necrophage is heavily damaged.
The necrophage hits you.
* * * LOW HITPOINT WARNING * * *
You slash the necrophage! You headbutt the necrophage.
The necrophage is severely damaged.
The necrophage barely misses you.
Okay, then.
Okay, then.
The necrophage attacks as you move away!
The necrophage hits you.
* * * LOW HITPOINT WARNING * * *
You feel drained.
The necrophage attacks as you move away!
You block the necrophage's attack.
The necrophage attacks as you move away!
The necrophage hits you.
You die...

#.....#
........
##.....#
......
#..###.#
......
#.## ###
.$....
#.# #h##
#..####
##.Wn.#
####@+
#..#
#...
#....
##..##
##.. ##


You could see a black bear, a necrophage and a phantom.

Vanquished Creatures
  An ogre (D:4)
  A necrophage (D:4)
  A scorpion (D:4)
  2 adders (D:2)
  A worm (D:2)
  4 ball pythons
  5 bats
  3 endoplasms
  A giant cockroach (D:3)
  4 goblins
  7 hobgoblins
  8 jackals
  7 kobolds
  5 quokkas
  3 frilled lizards
  6 rats
59 creatures vanquished.

Notes
Turn   | Place    | Note
-------+----------+-------------------------------------------
     0 | D:1      | Peloso the Minotaur Fighter began the quest for the Orb.
     0 | D:1      | Reached XP level 1. HP: 19/19 MP: 0/0
   244 | D:1      | Reached XP level 2. HP: 27/27 MP: 1/1
   249 | D:1      | Noticed a golden eye
   250 | D:1      | Found a faded altar of an unknown god.
   266 | D:1      | Noticed an eye of devastation
   272 | D:1      | Noticed a shining eye
   278 | D:1      | Noticed a floating eye
   492 | D:1      | Reached skill level 4 in Armour
  1240 | D:2      | Reached XP level 3. HP: 28/33 MP: 2/2
  1701 | D:3      | Found Duna Sae's Armour Emporium.
  1855 | D:3      | Reached XP level 4. HP: 40/40 MP: 3/3
  2432 | D:4      | Noticed a necrophage
  2438 | D:4      | Noticed a scorpion
  2441 | D:4      | Killed a necrophage
  2442 | D:4      | Reached XP level 5. HP: 46/47 MP: 4/4
  2445 | D:4      | Reached skill level 1 in Dodging
  2492 | D:4      | Noticed a black bear
  2492 | D:4      | Noticed an ogre
  2514 | D:5      | Entered Level 5 of the Dungeon
  2519 | D:4      | Noticed a phantom
  2523 | D:4      | Killed an ogre
  2524 | D:4      | Reached skill level 5 in Armour
  2524 | D:4      | Reached XP level 6. HP: 11/53 MP: 5/5
  2538 | D:4      | HP: 2/53 [necrophage (5)]
  2545 | D:4      | Slain by a necrophage

Illustrated notes

Levels and vault maps discovered:
D:1:      ncdulo_halloftheorcs, layout_basic,
          hellmonk_ecumenical_altar_watching_god
D:2:      layout_rooms
D:3:      layout_loops_ring, serial_shops, nicolae_shop_advertising_works
          [nicolae_subvault_shop_adworks], minmay_misc_feat_room
D:4:      layout_cave_pools, kennysheep_mini, minmay_temple_entry_arrows,
          minmay_joined_circles, uniq_duvessa
D:5:      wander_river, layout_basic

Skill      XL: |  1  2  3  4  5 |
---------------+----------------+-----
Fighting       | 4 |  4.7
Armour         | 4 5 |  5.0
Shields        | 4 |  4.4
Long Blades    | 3 4 |  4.8
Dodging        | 2 |  2.1

Action                   |  1- 3 |  4- 6 || total
-------------------------+-------+-------++-------
Melee: Long sword        |   126 |    47 ||   173
       Headbutt          |    14 |     6 ||    20
  Use: Scroll            |     5 |       ||     5
       Potion            |     2 |     2 ||     4
Armor: Scale mail        |    83 |    40 ||   123
Dodge: Dodged            |    51 |    41 ||    92
Block: Buckler           |    29 |    21 ||    50
